Description

Just for you mac

Replay - tvzmech thor style

Build Order

Get SALT Encoding   

  12  0:02  SCV  
  13  0:14  SCV  
  14  0:18  Supply Depot  
  14  0:26  SCV  
  15  0:39  SCV  
  15  0:41  Barracks  
  16  0:46  Refinery  
  16  0:52  SCV  
  17  1:04  SCV  
  18  1:16  SCV  
  19  1:28  Orbital Command  
  19  1:29  Reaper  
  20  1:43  Command Center  
  20  1:54  SCV  
  21  1:58  Supply Depot  
  21  2:01  Marine  
  21  2:06  SCV  
  23  2:10  Factory  
  23  2:22  SCV  
  24  2:25  Barracks Reactor  
  24  2:30  Refinery  
  26  2:57  Orbital Command  
  26  3:02  Starport  
  27  3:09  Hellion x2  
  32  3:19  Barracks Tech Lab  
  34  3:30  Supply Depot  
  34  3:31  Hellion x2  
  39  3:44  Medivac  
  42  3:50  Armory  
  42  3:51  Refinery  
  42  3:53  Supply Depot  
  43  3:57  Hellion x2  
  43  3:59  Liberator  
  54  4:20  Hellion x2  
  60  4:33  Supply Depot  
  60  4:45  Hellion  
  62  4:55  Hellion  
  66  5:02  Command Center  
  64  5:22  Barracks Tech Lab  
  64  5:27  Starport Reactor  
  58  5:30  Factory x2  
  63  5:46  Refinery  
  63  5:49  Terran Vehicle Weapons Level 1  
  64  5:53  Armory  
  72  6:14  Orbital Command  
  73  6:19  Thor  
  79  6:27  Thor  
  79  6:29  Medivac x2  
  95  6:34  Orbital Command  
  103  7:02  Infernal Pre-Igniter  
  103  7:05  Refinery x2  
  103  7:08  Siege Tank  
  103  7:13  Terran Vehicle And Ship Armor Level 1  
  110  7:28  Command Center  
  119  7:47  Terran Vehicle Weapons Level 2  
  120  7:57  Siege Tank x2  
  127  8:01  Factory  
  129  8:07  Factory  
  134  8:24  Viking x2  
  134  8:25  Command Center  
  139  8:31  Siege Tank x2  
  150  8:46  Engineering Bay  
  152  8:53  Factory Tech Lab x2  
Spawning Tool Build Advisor. Get it on Overwolf

Analysis

You poopoo shit on your opponent

Go to:

Details

  • Created by: WangGang
  • Published on: May 22, 2020
  • Modified on: May 22, 2020
  • Patch: 4.11.0
Show
View Real Time Build Order
Export as new Build Order

Comments (0)

There are no comments. Be the first!

Create an account to comment!